 Dungeon Crawl Stone Soup version 0.16-a0-3807-g3748f16 (console) character file.

8089 azzkikr the Covert (level 11, -3/48 HPs)
             Began as a Spriggan Enchanter on Jan 26, 2015.
             Was a High Priest of Nemelex Xobeh.
             Killed from afar by a frost giant (50 damage)
             ... with a bolt of cold
             ... on level 11 of the Dungeon on Jan 27, 2015.
             The game lasted 00:49:46 (12922 turns).

azzkikr the Covert (Spriggan Enchanter)            Turns: 12922, Time: 00:49:46

Health: -3/48      AC:  6    Str:  4    XL:     11   Next: 5%
Magic:  34/34      EV: 22    Int: 16    God:    Nemelex Xobeh [*****.]
Gold:   553        SH:  6    Dex: 21    Spells: 6 memorised, 20 levels left

rFire  . . .     SeeInvis +     a - +2 dagger
rCold  . . .     Clarity  .     M - +2 robe {MR+}
rNeg   + . .     SustAb   .     A - +0 buckler
rPois  +         Gourm    .     T - +1 hat
rElec  .         Spirit   .     K - +0 cloak {rPois}
rCorr  .         Warding  .     (gloves unavailable)
rMut   .         Stasis   .     (boots unavailable)
MR     +++..                    (no amulet)
Stlth  +++++++...               Y - ring of protection from magic
                                R - ring of positive energy

@: very quick, extremely resistant to hostile enchantments, extremely stealthy
A: unfitting armour, see invisible, herbivore 3, speed 3, slow metabolism 2
a: Triple Draw, Deal Four, Stack Five, Renounce Religion


You were on level 11 of the Dungeon.
You worshipped Nemelex Xobeh.
Nemelex Xobeh was extremely pleased with you.
You were full.

You visited 2 branches of the dungeon, and saw 12 of its levels.

You collected 670 gold pieces.
You spent 117 gold pieces at shops.

Inventory:

Hand weapons
 a - a +2 dagger (weapon)
 u - a +3 short sword of holy wrath
Missiles
 j - 72 poisoned needles
 w - 9 needles of confusion
 L - a tomahawk of dispersal (quivered)
Armour
 A - a +0 buckler (worn)
 K - a +0 cloak of poison resistance (worn)
 M - a +2 robe of magic resistance (worn)
 T - a +1 hat (worn)
Jewellery
 P - the ring "Hugg" {rElec rPois+ MR+ Str+2 Dex-5 Stlth+}
   (You found it on level 7 of the Dungeon)

   [ring of stealth]

   It affects your strength (+2).
   It affects your dexterity (-5).
   It insulates you from electricity.
   It protects you from poison.
   It affects your resistance to hostile enchantments.
   It makes you more stealthy.
 R - a ring of positive energy (left hand)
 Y - a ring of protection from magic (right hand)
Scrolls
 g - 3 scrolls of enchant weapon
 h - 6 scrolls of remove curse
 m - a scroll of fog {unknown}
 t - 2 scrolls of random uselessness {unknown}
 v - 2 scrolls of amnesia
 C - 3 scrolls of fear {unknown}
 F - a scroll of silence {unknown}
 I - a scroll of magic mapping {unknown}
 N - a scroll of blinking {unknown}
 O - 3 scrolls of teleportation {unknown}
 W - a scroll of vulnerability {unknown}
Potions
 b - a potion of ambrosia {unknown}
 i - 4 potions of cure mutation {unknown}
 k - a potion of berserk rage {unknown}
 l - 4 potions of lignification {unknown}
 n - a potion of degeneration {unknown}
 o - 2 potions of might {unknown}
 p - 2 potions of resistance {unknown}
 q - 4 potions of curing {unknown}
 r - a potion of haste {unknown}
 z - a potion of flight {unknown}
 B - 2 potions of brilliance {unknown}
 E - a potion of mutation {unknown}
 G - 5 potions of heal wounds {unknown}
 S - a potion of agility {unknown}
 V - 3 potions of magic {unknown}
Books
 c - a book of Maledictions

   Spells                             Type                      Level
   a - Corona                         Hexes                        1
   b - Sure Blade                     Hexes/Charms                 2
   c - Ensorcelled Hibernation        Hexes/Ice                    2
   d - Confuse                        Hexes                        3
   e - Dazzling Spray                 Conjuration/Hexes            3
   f - Enslavement                    Hexes                        4
 y - a book of Frost

   Spells                             Type                      Level
   a - Freeze                         Ice                          1
   b - Throw Frost                    Conjuration/Ice              2
   c - Ozocubu's Armour               Charms/Ice                   3
   d - Throw Icicle                   Conjuration/Ice              4
   e - Summon Ice Beast               Ice/Summoning                4
   f - Condensation Shield            Ice                          4
Miscellaneous
 e - a plain deck of destruction
 s - an ornate deck of war
 x - a plain deck of war {drawn: 8}
 D - an ornate deck of destruction {drawn: 4}
 H - a legendary deck of war {drawn: 1}
 J - a plain deck of war
 Q - a plain deck of destruction
 U - a plain deck of destruction
 Z - an ornate deck of destruction
Comestibles
 d - 10 bread rations
 f - a royal jelly
 X - 2 fruits


   Skills:
 + Level 0.8 Fighting
 + Level 2.9 Short Blades
 + Level 0.7 Throwing
 + Level 5.8 Dodging
 + Level 13.9 Stealth
 + Level 0.9 Shields
 * Level 12.5 Spellcasting
 + Level 9.4 Hexes
 + Level 3.9 Ice Magic
 + Level 0.8 Evocations


You had 20 spell levels left.
You knew the following spells:

 Your Spells              Type           Power        Failure   Level  Hunger
a - Corona                Hex            #####..      1%          1    None
b - Sure Blade            Hex/Chrm       ####......   2%          2    None
c - Ensorcelled Hibernat  Hex/Ice        ####..       1%          2    None
d - Confuse               Hex            #####...     1%          3    None
e - Dazzling Spray        Conj/Hex       ####....     6%          3    None
f - Enslavement           Hex            #####...     1%          4    ##.....


Dungeon Overview and Level Annotations

Branches:
Dungeon (11/15)            Temple (1/1) D:4
   Lair: D:8-11         Orc: D:9-12

Altars:
Cheibriados
Dithmenos
Fedhas
Gozag
Kikubaaqudgha
Makhleb
Nemelex Xobeh
Qazlal
Trog
Vehumet
Xom
Zin
The Shining One

Shops:
D:5 (   D:10 [

Annotations:
D:5 Pikel
D:7 Shining eye! :(
D:8 exclusion: oklob sapling
D:11 exclusion: 2 tengu warriors


Innate Abilities, Weirdness & Mutations

You are tiny and cannot use many weapons and most armour.
You have supernaturally acute eyesight.
You are a herbivore.
You cover ground extremely quickly.
You need consume almost no food.


Message History

Press ? for a list of commands and other information.
Save game and exit?
Level annotation: exclusion: 2 tengu warriors Welcome back, azzkikr the Spriggan Enchanter.
Nemelex Xobeh says: It's all in the cards!
Press ? for a list of commands and other information.
A hippogriff comes into view.
Found a meat ration and 15 silver sling bullets.
A centaur warrior comes into view.
The hippogriff screeches!
The centaur warrior shouts!
You hear a shout!
The centaur warrior picks up a cyan potion {tried by monster}.
The hippogriff bites you. The hippogriff completely misses you.
You block the hippogriff's attack.
A frost giant comes into view. It is wielding a battleaxe of freezing.
Evoke which item? (* to show all) (? for menu, Esc to quit)
You draw a card...
It is the Elixir.
The frost giant gestures at you while chanting.
The bolt of cold hits you!
Ouch! That really hurt!
You die...
Your body disappears without a glow.

##### ##### #####..#
#.## #...# #...#
#......# #.#
#.#######.####
#<..#.## #.#
#...##.##.##.# ###.#.#
#.# ###.#.'.)...†..#
###.#######.#
##..####.##.##)#
#.........# ##.##
####.########
########### ##†#
#...##c.c%#
##.########†#####.#
......##.##.##.##H##!#
......##........@..C.#
##.#####.##.##.##.##.#
##.########.#####.#
##### ......# #...#
... #...# ##.####
##### #.## ##.####
#.######
Q##.##.##.##.#
#......####
.............#
######....#
Q##.##.##.##.# ####.#
( # ##.#### #.## #...#
#..## ##!##


You could see a frost giant, a centaur warrior and a hippogriff.

Vanquished Creatures
  An unseen horror (D:11)
  A hill giant (D:11)
  An ugly thing (D:11)
  A gargoyle (D:11)
  4 wandering mushrooms (D:8)
  2 two-headed ogres
  A wyvern (D:10)
  A deep elf mage (D:9)
  A hungry ghost (D:9)
  3 water moccasins
  2 ice beasts
  4 orc warriors
  2 phantoms (D:9)
  5 sky beasts
  A black bear (D:8)
  A necrophage (D:6)
  2 slaves (D:5)
  2 ogres
  A boring beetle (shapeshifter) (D:11)
  5 centaurs
  7 giant frogs
  A big kobold (D:6)
  An oklob sapling (D:8)
  2 scorpions
  5 killer bees
  A water moccasin skeleton (D:8)
  A crimson imp (D:11)
  4 wights (D:8)
  A centaur zombie (D:8)
  3 jellies
  Crazy Yiuf (D:5)
  2 giant frog zombies
  4 orc priests
  A quasit (D:11)
  6 hounds
  6 orc wizards
  6 iguanas
  5 worker ants
  Terence (D:2)
  3 gnolls (D:8)
  2 shadow imps (D:6)
  12 adders
  2 giant mites
  A worm (D:3)
  An adder skeleton (D:6)
  3 giant geckos
  2 oozes
  25 orcs
  A ball python (D:2)
  15 bats
  14 giant cockroaches
  12 goblins
  6 hobgoblins
  2 quokkas
  A giant gecko zombie (D:5)
  4 giant newts
  12 jackals (D:3)
  A jackal skeleton (D:5)
  21 kobolds
  14 rats
253 creatures vanquished.

Vanquished Creatures (collateral kills)
  An ice beast (D:8)
  2 killer bees (D:8)
  A quasit (D:11)
4 creatures vanquished.

Vanquished Creatures (others)
  A hellwing (D:10)
  A mottled dragon (D:8)
2 creatures vanquished.

Grand Total: 259 creatures vanquished

Notes
Turn   | Place    | Note
--------------------------------------------------------------
     0 | D:1      | azzkikr, the Spriggan Enchanter, began the quest for the Orb.
     0 | D:1      | Reached XP level 1. HP: 9/9 MP: 4/4
   176 | D:1      | Reached XP level 2. HP: 13/13 MP: 5/7
   180 | D:1      | Learned a level 2 spell: Sure Blade
   183 | D:1      | Learned a level 2 spell: Ensorcelled Hibernation
  1022 | D:2      | Reached XP level 3. HP: 16/16 MP: 9/9
  1080 | D:2      | Reached skill level 5 in Stealth
  1243 | D:2      | Noticed Terence
  1246 | D:2      | Killed Terence
  1504 | D:2      | Reached XP level 4. HP: 21/21 MP: 10/13
  1792 | D:3      | Reached skill level 6 in Stealth
  2101 | D:3      | Learned a level 3 spell: Confuse
  2357 | D:3      | Reached skill level 5 in Hexes
  2454 | D:3      | Reached XP level 5. HP: 21/24 MP: 2/16
  3156 | D:4      | Found a staircase to the Ecumenical Temple.
  3196 | Temple   | Entered the Ecumenical Temple
  3205 | Temple   | Became a worshipper of Nemelex Xobeh the Trickster
  3300 | D:4      | Received a gift from Nemelex Xobeh
  3925 | D:4      | Reached skill level 1 in Ice Magic
  4334 | D:5      | Entered Level 5 of the Dungeon
  4373 | D:5      | Reached XP level 6. HP: 21/28 MP: 13/20
  4497 | D:5      | Reached skill level 7 in Stealth
  4560 | D:5      | Noticed a slave
  4562 | D:5      | Noticed a water moccasin
  4567 | D:5      | Killed a water moccasin
  4615 | D:5      | Noticed Pikel
  4615 | D:5      | Noticed a slave
  4615 | D:5      | Noticed a slave
  4616 | D:5      | Noticed a slave
  4647 | D:5      | Killed a slave
  4759 | D:5      | Found a burning altar of Makhleb.
  4788 | D:5      | Found a radiant altar of Vehumet.
  4794 | D:5      | Found a glowing silver altar of Zin.
  4830 | D:5      | Reached XP level 7. HP: 32/32 MP: 19/22
  4889 | D:5      | Found a glowing golden altar of the Shining One.
  4995 | D:5      | Found Stra Rori's Weapon Shoppe.
  5069 | D:5      | Noticed a sky beast
  5072 | D:5      | Killed a sky beast
  5072 | D:5      | Reached skill level 5 in Spellcasting
  5216 | D:5      | Received a gift from Nemelex Xobeh
  5239 | D:5      | Noticed Crazy Yiuf
  5246 | D:5      | Killed Crazy Yiuf
  5275 | D:5      | Reached skill level 8 in Stealth
  5342 | D:5      | Killed a slave
  6288 | D:6      | Reached skill level 9 in Stealth
  6371 | D:6      | Reached XP level 8. HP: 37/37 MP: 22/25
  7213 | D:7      | Got a warped platinum ring
  7214 | D:7      | Identified the ring "Hugg" {rElec rPois+ MR+ Str+2 Dex-5 Stlth+} (You found it on level 7 of the Dungeon)
  7243 | D:7      | Received a gift from Nemelex Xobeh
  7290 | D:7      | Noticed a shining eye
  7312 | D:8      | Acquired Nemelex Xobeh's first power
  7764 | D:8      | Noticed a two-headed ogre
  7785 | D:8      | Reached skill level 10 in Stealth
  7795 | D:8      | Killed a two-headed ogre
  8028 | D:8      | Noticed a wandering mushroom
  8029 | D:8      | Killed a wandering mushroom
  8034 | D:8      | Noticed a wandering mushroom
  8037 | D:8      | Killed a wandering mushroom
  8037 | D:8      | Reached XP level 9. HP: 40/40 MP: 29/29
  8041 | D:8      | Found a blossoming altar of Fedhas.
  8041 | D:8      | Noticed a wandering mushroom
  8041 | D:8      | Noticed a wandering mushroom
  8044 | D:8      | Killed a wandering mushroom
  8045 | D:8      | Killed a wandering mushroom
  8045 | D:8      | Reached skill level 11 in Stealth
  8253 | D:8      | Reached skill level 10 in Spellcasting
  8288 | D:8      | Received a gift from Nemelex Xobeh
  8413 | D:8      | Found a snail-covered altar of Cheibriados.
  8904 | D:9      | Reached skill level 12 in Stealth
  9064 | D:9      | Reached skill level 5 in Dodging
  9195 | D:9      | Acquired Nemelex Xobeh's second power
  9425 | D:9      | Received a gift from Nemelex Xobeh
  9487 | D:9      | Reached XP level 10. HP: 44/44 MP: 20/32
 10014 | D:9      | Received a gift from Nemelex Xobeh
 10739 | D:10     | Entered Level 10 of the Dungeon
 11134 | D:10     | Received a gift from Nemelex Xobeh
 11397 | D:10     | Acquired Nemelex Xobeh's third power
 11498 | D:10     | Received a gift from Nemelex Xobeh
 11578 | D:10     | Found Wafeich's Antique Armour Shop.
 11583 | D:10     | Bought a glowing hat for 100 gold pieces
 11591 | D:10     | Bought a runed robe for 17 gold pieces
 11956 | D:11     | Reached skill level 13 in Stealth
 12153 | D:11     | Learned a level 3 spell: Dazzling Spray
 12158 | D:11     | Learned a level 4 spell: Enslavement
 12199 | D:11     | Received a gift from Nemelex Xobeh
 12282 | D:11     | Noticed a tengu warrior
 12282 | D:11     | Noticed a tengu warrior
 12394 | D:11     | Noticed an unseen horror
 12396 | D:11     | Killed an unseen horror
 12660 | D:11     | Noticed a hill giant
 12707 | D:11     | Noticed a red ugly thing
 12710 | D:11     | Killed a hill giant
 12780 | D:11     | Killed a red ugly thing
 12807 | D:11     | Reached XP level 11. HP: 48/48 MP: 31/34
 12919 | D:11     | Noticed a centaur warrior
 12920 | D:11     | Noticed a frost giant
 12922 | D:11     | Killed from afar by a frost giant

Action                   |  1- 3 |  4- 6 |  7- 9 | 10-12 || total
-------------------------+-------+-------+-------+-------++-------
Melee: Dagger            |    64 |   140 |   169 |   102 ||   475
       Rapier            |       |       |    19 |       ||    19
Throw: Tomahawk          |       |       |       |     4 ||     4
 Cast: Corona            |     5 |     1 |       |       ||     6
       Ensorcelled Hiber |    14 |    58 |    71 |    66 ||   209
       Sure Blade        |     3 |     3 |       |       ||     6
       Confuse           |       |     3 |    38 |    25 ||    66
Evoke: Deck              |       |       |     3 |    10 ||    13
  Use: Scroll            |       |       |     6 |     5 ||    11
 Stab: Sleeping          |    22 |    46 |    68 |    46 ||   182
       Confused          |       |     4 |    14 |    10 ||    28
       Distracted        |       |     1 |     2 |       ||     3
       Petrifying        |       |       |     1 |       ||     1
  Eat: Pizza             |       |     2 |       |     2 ||     4
       Bread ration      |       |     1 |       |       ||     1
       Fruit             |       |       |     3 |     5 ||     8
